 Dungeon Crawl Stone Soup version 0.28-a0-21-gf74fda84f9 (webtiles) character file.

Game seed: 5818168483929536256

222 Sweetruy1997 the Stinger (level 5, 0/32 HPs)
             Began as an Octopode Venom Mage on July 26, 2021.
             Slain by an ice beast (3 damage)
             ... on level 3 of the Dungeon.
             The game lasted 00:12:46 (4505 turns).

Sweetruy1997 the Stinger (Octopode Venom Mage)      Turns: 4505, Time: 00:12:47

Health: 0/32       AC:  1    Str: 13    XL:     5   Next: 99%
Magic:  6/10       EV: 13    Int: 19    God:
Gold:   122        SH:  0    Dex: 12    Spells: 2/10 levels left

rFire   . . .      SeeInvis .   e - staff of poison
rCold   . . .      Faith    .   (no shield)
rNeg    . . .      Spirit   .   (helmet restricted)
rPois   +          Reflect  .   (no amulet)
rElec   .          Harm     .   a - +6 ring of strength
rCorr   .          Rampage  .   (no ring)
Will    .....                   (no ring)
Stlth   +++.......              (no ring)
HPRegen 0.10/turn               (no ring)
MPRegen 0.12/turn               (no ring)
                                (no ring)
                                (no ring)

@: no status effects
A: almost no armour, amphibious, 8 rings, camouflage 1, gelatinous body 1,
(nimble swimmer 1), tentacles
a: no special abilities


You were on level 3 of the Dungeon.
You visited 1 branch of the dungeon, and saw 3 of its levels.
You also visited: Sewer.

You collected 122 gold pieces.

Inventory:

Armour
 c - a +0 kite shield
Magical Staves
 e - a staff of poison (weapon)
Jewellery
 a - a +6 ring of strength (left tentacle)
Wands
 f - a wand of mindburst (22)
Scrolls
 b - a scroll of fog
 d - a scroll of enchant weapon
 h - a scroll of summoning
 l - a scroll of amnesia {unknown}
 m - a scroll of teleportation {unknown}
Potions
 g - a potion of cancellation
 i - a potion of degeneration {unknown}
 j - a potion of might {unknown}
 k - a potion of curing {unknown}


   Skills:
 + Level 0.4 Fighting
 + Level 0.5 Staves
 + Level 2.3 Dodging
 - Level 3.0 Stealth
 + Level 3.4 Spellcasting
 + Level 0.2 Hexes
 + Level 2.4 Transmutations
 + Level 0.9 Air Magic
 + Level 5.2 Poison Magic


You had 2 spell levels left.
You knew the following spells:

 Your Spells              Type           Power      Damage    Failure   Level
a - Sting                 Tmut/Pois      100%       1d8       3%          1
b - Poisonous Vapours     Pois/Air       44%        N/A       6%          2
c - Mephitic Cloud        Conj/Pois/Air  16%        N/A       19%         3
d - Slow                  Hex            4%         N/A       21%         2

Your spell library contained the following spells:

 Spells                   Type           Power      Damage    Failure   Level
 Olgreb's Toxic Radiance  Pois           34%        N/A       17%         4
 Confusing Touch          Hex            4%         N/A       36%         3
 Vampiric Draining        Necr           1%         2d6       41%         3
 Yara's Violent Unravell  Hex/Tmut       4%         3d4       93%         5


Dungeon Overview and Level Annotations

Branches:
Dungeon (3/15)              Sewer (visited)

Altars:

Shops:
D:1 *


Innate Abilities, Weirdness & Mutations

You cannot wear most types of armour.
You are amphibious.
You can wear up to eight rings at the same time.
Your skin changes colour to match your surroundings (Stealth+).
Your rubbery body absorbs attacks. (AC +1, EV +1)
((You are camouflaged near water. (Stealth+)))
You have tentacles for arms and can constrict up to eight enemies at once.


Message History

You feel a surge of power!
The sting hits the ice beast.
The ice beast is poisoned.
The ice beast is lightly wounded.
The ice beast misses you.
You feel a surge of power!
The sting misses the ice beast.
The ice beast barely misses you.
Casting: Sting (safe; 3% risk of failure)
Confirm with . or Enter, or press ? or * to list all spells.
Aiming: Slow (safe; 21% risk of failure)
Press: ? - help, Shift-Dir - straight line, f/p - ice beast
Aim: an ice beast (moderately wounded, poisoned, chance to affect: 37%)
The ice beast resists with some effort.
The ice beast closely misses you.
You hit the ice beast but do no damage.
You envenom the ice beast.
The ice beast looks even sicker.
The ice beast is moderately wounded.
The ice beast hits you. The ice beast freezes you!
Casting: Slow (safe; 21% risk of failure)
Confirm with . or Enter, or press ? or * to list all spells.
Aiming: Slow (safe; 21% risk of failure)
Press: ? - help, Shift-Dir - straight line, f/p - ice beast
Aim: an ice beast (moderately wounded, very poisoned, chance to affect: 37%)
The ice beast resists with some effort.
The ice beast hits you. The ice beast freezes you!
* * * LOW HITPOINT WARNING * * *
Found a +6 ring of strength.
A quokka comes into view.
The ice beast looks more healthy.
The quokka barely misses you.
You hit the quokka but do no damage. Your grab misses the quokka.
The quokka barely misses you.
You barely miss the quokka. You grab the quokka.
You constrict the quokka, but do no damage.
The quokka bites you.
* * * LOW HITPOINT WARNING * * *
The quokka barely misses you.
Unknown command.
You release your grip on the quokka.
The quokka bites you.
* * * LOW HITPOINT WARNING * * *
The ice beast hits you.
You die...

#...>...##.# #..#...##.#
####.#####.......#.#.##.#
#.......#########.#.##.#
#.#.###.#########......#
#.#.# #.#.......###.####
# #.. #.#.......# #†# ##.
#.#.......# #.#
#.##.##.#.......# #.#
#.......#.@.....# #.#
##.##..=..rY....# #.#
#.###.......# #.# #.
######### #.# #.
#########.# #
###.........#
#.......#####
.###.#.###.# # ######
........##.# #


You could see an ice beast and a quokka.

Vanquished Creatures
  A bullfrog (Sewer)
  Jessica (D:2)
  4 adders
  3 worms (D:2)
  2 dart slugs
  6 ball pythons
  8 endoplasms
  7 giant cockroaches
  6 goblins
  4 hobgoblins
  9 jackals
  5 kobolds
  2 quokkas (Sewer)
  7 bats
  10 frilled lizards
  4 rats
79 creatures vanquished.

Notes
Turn   | Place    | Note
-------+----------+-------------------------------------------
     0 | D:1      | Sweetruy1997 the Octopode Venom Mage began the quest for
                  | the Orb.
     0 | D:1      | Reached XP level 1. HP: 11/11 MP: 3/3
   151 | D:1      | Found a faded altar of an unknown god.
   347 | D:1      | Reached skill level 4 in Poison Magic
   443 | D:1      | Found Qoyq's General Store.
   458 | D:1      | Reached XP level 2. HP: 4/17 MP: 0/5
   764 | D:1      | Learned a level 2 spell: Poisonous Vapours
  1594 | D:2      | Reached XP level 3. HP: 20/21 MP: 0/6
  1598 | D:2      | Learned a level 3 spell: Mephitic Cloud
  1997 | D:2      | Noticed Jessica
  2002 | D:2      | Killed Jessica
  2003 | D:2      | Reached XP level 4. HP: 27/27 MP: 0/8
  2009 | D:2      | Learned a level 2 spell: Slow
  3148 | D:3      | Found a glowing drain.
  3154 | Sewer    | Entered a sewer
  3205 | Sewer    | Reached XP level 5. HP: 30/31 MP: 0/9
  3574 | Sewer    | Reached skill level 5 in Poison Magic
  4475 | D:3      | Noticed an ice beast
  4505 | D:3      | Slain by an ice beast

Illustrated notes

Levels and vault maps discovered:
D:1:      dpeg_arrival_rooms_c, layout_loops_ring, serial_shops, shop,
          hellmonk_ecumenical_altar_lost_god
D:2:      layout_basic, uniq_jessica
D:3:      layout_loops_cross, portal_sewer_entry_e

Skill      XL: |  1  2  3  4  5 |
---------------+----------------+-----
Poison Magic   | 4 5 |  5.2
Stealth        | 3 |  3.0
Spellcasting   | 3 |  3.4
Transmutations | 2 |  2.4
Fighting       | |  0.4
Staves         | |  0.5
Dodging        | |  2.3
Hexes          | |  0.2
Air Magic      | |  0.9

Action                   |  1- 3 |  4- 6 || total
-------------------------+-------+-------++-------
Melee: Hand axe          |     4 |       ||     4
       Staff             |    27 |    49 ||    76
       Constrict         |     9 |    15 ||    24
       Tentacles         |     5 |    12 ||    17
 Cast: Sting             |    31 |    49 ||    80
       Poisonous Vapours |     5 |    23 ||    28
       Slow              |       |     6 ||     6
  Use: Scroll            |     2 |     3 ||     5
 Stab: Sleeping          |     5 |     2 ||     7
Armor: Skin              |     3 |     3 ||     6
Dodge: Dodged            |    33 |    30 ||    63

Table legend: (Time is in decaauts)
 A = Elapsed time spent in this place.
 B = Non-inter-level travel time spent in this place.
 C = Inter-level travel time spent in this place.
 D = Time resting spent in this place.
 E = Time spent auto-exploring this place.
 F = Levels seen in this place.
 G = Mean time per level.
                   A        B        C        D        E       F      G
               +--------+--------+--------+--------+--------+-----+--------+
         Total |   4519 |   4432 |     87 |   1381 |   2410 |   4 | 1129.8 |
       Dungeon |   3874 |   3787 |     87 |   1016 |   2233 |   3 | 1291.3 |
         Sewer |    645 |    645 |      0 |    365 |    177 |   1 |  645.0 |
               +--------+--------+--------+--------+--------+-----+--------+

Top non-repeatable levels by time:
     D:2: 1559 daAuts
     D:1: 1416 daAuts
     D:3: 898 daAuts
   Sewer: 645 daAuts
